 Dungeon Crawl Stone Soup version 0.21.1-1-g345015f (webtiles) character file.

11986 appiemonkey the Spear-Bearer (level 11, -2/97 HPs)
             Began as a Minotaur Gladiator on July 17, 2018.
             Was a High Priest of Cheibriados.
             Slain by a skeletal warrior
             ... wielding a +1 halberd of freezing
              (10 damage)
             ... on level 11 of the Dungeon.
             The game lasted 00:15:33 (8836 turns).

appiemonkey the Spear-Bearer (Minotaur Gladiator)   Turns: 8836, Time: 00:15:34

Health: -2/97      AC: 18    Str: 36    XL:     11   Next: 56%
Magic:  14/14      EV: 14    Int: 21    God:    Cheibriados [*****.]
Gold:   571        SH:  0    Dex: 24    Spells: 10/10 levels left

rFire    . . .     SeeInvis .   P - +0 halberd
rCold    . . .     Gourm    .   (shield currently unavailable)
rNeg     . . .     Faith    .   o - +0 chain mail
rPois    +         Spirit   .   c - +0 hat
rElec    .         Reflect  .   B - +2 cloak
rCorr    .         Harm     .   r - +0 pair of gloves
MR       .....                  b - +0 pair of boots
Stlth    ..........             v - amulet of regeneration
HPRegen  0.66/turn              M - +3 ring of intelligence
MPRegen  0.14/turn              n - ring of poison resistance

@: very slow
A: retaliatory headbutt, horns 2
a: Bend Time, Temporal Distortion, Slouch, Step From Time, Renounce Religion


You were on level 11 of the Dungeon.
You worshipped Cheibriados.
Cheibriados was extremely pleased with you.
You were not hungry.

You visited 2 branches of the dungeon, and saw 12 of its levels.

You collected 571 gold pieces.

Inventory:

Hand Weapons
 a - a +0 trident
 G - a -2 halberd
 P - a +0 halberd (weapon)
Missiles
 d - 3 throwing nets (quivered)
Armour
 b - a +0 pair of boots (worn)
 c - a +0 hat (worn)
 o - a +0 chain mail (worn)
 r - a +0 pair of gloves (worn)
 B - a +2 cloak (worn)
Jewellery
 g - an uncursed amulet of the gourmand
 n - a ring of poison resistance (right hand)
 v - an amulet of regeneration (around neck)
 y - an uncursed ring of stealth
 E - an uncursed amulet of inaccuracy
 K - an uncursed ring of protection from fire
 M - a +3 ring of intelligence (left hand)
Wands
 x - a wand of iceblast (7)
 L - a wand of scattershot (5)
Scrolls
 j - 4 scrolls of remove curse
 k - 2 scrolls of amnesia {unknown}
 l - 10 scrolls of teleportation
 p - a scroll of fear
 q - a scroll of enchant weapon
 s - 3 scrolls of magic mapping
 u - 2 scrolls of enchant armour
 A - 2 scrolls of fog {unknown}
 D - 4 scrolls of identify
 J - a scroll of noise {unknown}
Potions
 h - 4 potions of curing
 m - 2 potions of brilliance
 w - 5 potions of magic
 z - a potion of lignification
 C - 2 potions of haste {unknown}
 H - a potion of resistance {unknown}
Books
 i - a book of Minor Magic

   Spells                             Type                      Level
   a - Magic Dart                     Conjuration                  1
   b - Blink                          Translocation                2
   c - Call Imp                       Summoning                    2
   d - Slow                           Hexes                        2
   e - Conjure Flame                  Conjuration/Fire             3
   f - Mephitic Cloud                 Conjuration/Poison/Air       3
 t - a book of Maledictions

   Spells                             Type                      Level
   a - Corona                         Hexes                        1
   b - Ensorcelled Hibernation        Hexes/Ice                    2
   c - Confuse                        Hexes                        3
   d - Tukima's Dance                 Hexes                        3
   e - Dazzling Spray                 Conjuration/Hexes            3
 F - a Young Poisoner's Handbook

   Spells                             Type                      Level
   a - Sting                          Conjuration/Poison           1
   b - Poisonous Vapours              Poison/Air                   2
   c - Mephitic Cloud                 Conjuration/Poison/Air       3
   d - Olgreb's Toxic Radiance        Poison                       4
   e - Venom Bolt                     Conjuration/Poison           5
 I - a book of Necromancy

   Spells                             Type                      Level
   a - Pain                           Necromancy                   1
   b - Animate Skeleton               Necromancy                   1
   c - Vampiric Draining              Necromancy                   3
   d - Regeneration                   Charms/Necromancy            3
   e - Animate Dead                   Necromancy                   4
   f - Borgnjor's Vile Clutch         Necromancy/Earth             5
 N - a book of Changes

   Spells                             Type                      Level
   a - Beastly Appendage              Transmutation                1
   b - Sticks to Snakes               Transmutation                2
   c - Spider Form                    Transmutation/Poison         3
   d - Ice Form                       Ice/Transmutation            4
   e - Blade Hands                    Transmutation                5
Comestibles
 f - 19 rations


   Skills:
 + Level 9.0 Fighting
 + Level 14.0 Polearms
 - Level 2.1 Throwing
 + Level 11.1 Armour
 + Level 5.9 Dodging
 + Level 1.1 Stealth
 + Level 6.1 Invocations


You had 10 spell levels left.
You didn't know any spells.

Dungeon Overview and Level Annotations

Branches:
Dungeon (11/15)            Temple (1/1) D:5            Lair (0/6) D:10
    Orc (0/2) D:11

Altars:
Ashenzari
Cheibriados
Dithmenos
Elyvilon
Fedhas
Gozag
Hepliaklqana
Kikubaaqudgha
Makhleb
Nemelex Xobeh
Okawaru
Qazlal
Ru
Sif Muna
Trog
Uskayaw
Vehumet
Wu Jian
Xom
Yredelemnul
Zin
The Shining One

Annotations:
D:9 3 runed doors


Innate Abilities, Weirdness & Mutations

You reflexively headbutt those who attack you in melee.
You have a pair of horns on your head.


Message History

* * * LOW HITPOINT WARNING * * *
You feel better.
Attack whom?
Press: ? - help, Dir - move target cursor, f/p - skeletal warrior
Aim: a skeletal warrior, wielding a halberd of freezing (severely damaged)
You reach to attack!
You puncture the skeletal warrior!
The skeletal warrior is almost destroyed.
The skeletal warrior barely misses you.
Attack whom?
Press: ? - help, Dir - move target cursor, f/p - skeletal warrior
Aim: a skeletal warrior, wielding a halberd of freezing (almost destroyed)
You reach to attack!
You barely miss the skeletal warrior.
The skeletal warrior is almost destroyed.
The skeletal warrior hits you from afar with a halberd of freezing!!
* * * LOW HITPOINT WARNING * * *
The skeletal warrior freezes you.
* * * LOW HITPOINT WARNING * * *
You feel better.
The skeletal warrior hits you from afar with a halberd of freezing!
You die...

......................
.'....................
###.......)..##........
............##........
#..####.....##........ #..
#.....##........ #..
#.....##........
.####..####.....##........
......zz.@................
##########################


You could see 2 skeletal warriors.

Vanquished Creatures
  The ghost of emiel the Quickloader, a journeyman CeAM of Okawaru (D:10)
  The ghost of emiel the Carver, a novice BaFi of Cheibriados (D:7)
  A two-headed ogre (D:11)
  2 skeletal warriors (D:11)
  An unseen horror (D:10)
  An orange crystal statue (D:9)
  A deep elf mage (D:10)
  A kobold demonologist (D:11)
  The ghost of TotesWizzard the Reanimator, a novice DsNe of Makhleb (D:5)
  A hippogriff (D:10)
  Eustachio (D:4)
  A water elemental (D:11)
  3 hogs (D:8)
  A human (D:8)
  A yak (D:8)
  2 hungry ghosts
  A warg (D:11)
  An ice beast (D:7)
  4 sky beasts
  11 orc warriors
  2 phantoms
  4 ogres
  6 centaurs
  2 big kobolds (D:11)
  13 bullfrogs
  A wyvern zombie (D:9)
  3 scorpions
  10 killer bees (D:9)
  A howler monkey (D:4)
  A bullfrog zombie (D:5)
  3 crimson imps
  5 jellies
  Crazy Yiuf (D:5)
  12 orc priests
  7 orc wizards
  A centaur skeleton (D:8)
  An iguana (D:6)
  7 worker ants
  A mummy (D:5)
  A howler monkey zombie (D:6)
  2 worker ant zombies
  A howler monkey skeleton (D:10)
  11 adders
  4 shadow imps
  An ooze (D:1)
  An adder zombie (D:9)
  3 adder skeletons
  2 worms
  2 dart slugs
  6 leopard geckos
  46 orcs
  2 ball pythons
  4 giant cockroaches
  5 goblins
  12 hobgoblins
  9 jackals
  2 quokkas
  2 bats
  8 frilled lizards
  A jackal skeleton (D:6)
  11 kobolds
  3 kobold zombies (D:5)
  An orc zombie (D:5)
  9 rats
267 creatures vanquished.

Vanquished Creatures (others)
  An orc wizard (D:9)
1 creature vanquished.

Grand Total: 268 creatures vanquished

Notes
Turn   | Place    | Note
-------+----------+-------------------------------------------
     0 | D:1      | appiemonkey the Minotaur Gladiator began the quest for the Orb.
     0 | D:1      | Reached XP level 1. HP: 18/18 MP: 0/0
   130 | D:1      | Reached XP level 2. HP: 20/25 MP: 1/1
   170 | D:1      | Reached skill level 4 in Polearms
   678 | D:2      | Reached XP level 3. HP: 28/30 MP: 2/2
   808 | D:2      | Found a bloodstained altar of Trog.
  1218 | D:3      | Found a white marble altar of Elyvilon.
  1404 | D:3      | Reached XP level 4. HP: 37/37 MP: 3/3
  1489 | D:3      | Reached skill level 5 in Polearms
  1840 | D:4      | Found a sacrificial altar of Ru.
  1887 | D:4      | Reached XP level 5. HP: 42/45 MP: 4/4
  1969 | D:4      | Reached skill level 6 in Polearms
  2048 | D:4      | Noticed Eustachio
  2049 | D:4      | Noticed an ogre
  2056 | D:4      | Killed an ogre
  2056 | D:4      | Reached skill level 1 in Armour
  2100 | D:4      | Killed Eustachio
  2100 | D:4      | Reached skill level 7 in Polearms
  2100 | D:4      | Reached XP level 6. HP: 37/52 MP: 5/5
  2656 | D:5      | Entered Level 5 of the Dungeon
  2672 | D:5      | Found a staircase to the Ecumenical Temple.
  2678 | D:5      | Noticed a sky beast
  2699 | D:5      | Killed a sky beast
  2699 | D:5      | Reached skill level 8 in Polearms
  2699 | D:5      | Reached XP level 7. HP: 20/60 MP: 6/6
  2731 | Temple   | Entered the Ecumenical Temple
  2832 | Temple   | Became a worshipper of Cheibriados the Contemplative
  2924 | D:5      | Found a glowing silver altar of Zin.
  2925 | D:5      | Noticed an angel
  3011 | D:5      | Found a blossoming altar of Fedhas.
  3012 | D:5      | Noticed TotesWizzard's ghost (novice DsNe)
  3027 | D:5      | Killed TotesWizzard's ghost
  3027 | D:5      | Reached skill level 5 in Fighting
  3027 | D:5      | Reached skill level 1 in Stealth
  3040 | D:5      | Reached skill level 9 in Polearms
  3040 | D:5      | Reached XP level 8. HP: 61/68 MP: 7/7
  3073 | D:5      | Found a stormy altar of Qazlal.
  3088 | D:5      | Reached * piety under Cheibriados
  3226 | D:5      | Found a shattered altar of Ashenzari.
  3375 | D:5      | Found a runed door.
  3540 | D:5      | Noticed Crazy Yiuf
  3546 | D:5      | Killed Crazy Yiuf
  3652 | D:6      | Found a hide-covered altar of Uskayaw.
  3652 | D:6      | Noticed an enchanted hand axe
  3652 | D:6      | Noticed a hand axe
  3674 | D:5      | Reached skill level 1 in Invocations
  3776 | D:6      | Reached skill level 5 in Armour
  4218 | D:6      | Reached skill level 10 in Polearms
  4404 | D:6      | Reached ** piety under Cheibriados
  4644 | D:6      | Found a sparkling altar of Nemelex Xobeh.
  4816 | D:7      | Reached XP level 9. HP: 69/75 MP: 9/9
  4851 | D:7      | Noticed emiel's ghost (novice BaFi)
  4870 | D:7      | Killed emiel's ghost
  4870 | D:7      | Reached skill level 11 in Polearms
  4870 | D:7      | Reached skill level 5 in Dodging
  5362 | D:7      | Found a blossoming altar of Fedhas.
  5608 | D:8      | Reached *** piety under Cheibriados
  5740 | D:8      | Found an opulent altar of Gozag.
  6003 | D:8      | Reached XP level 10. HP: 86/86 MP: 12/12
  6019 | D:8      | Reached skill level 12 in Polearms
  6049 | D:8      | Found a deep blue altar of Sif Muna.
  6193 | D:9      | Reached **** piety under Cheibriados
  6200 | D:9      | Reached skill level 5 in Invocations
  6375 | D:9      | Found a shimmering altar of Xom.
  6421 | D:9      | Found a runed door.
  6434 | D:9      | Found a runed door.
  6450 | D:9      | Found a runed door.
  6463 | D:9      | Found a runed door.
  6556 | D:9      | Found a hazy altar of Hepliaklqana.
  7297 | D:9      | Noticed an orange crystal statue
  7315 | D:9      | Killed an orange crystal statue
  7338 | D:10     | Entered Level 10 of the Dungeon
  7416 | D:10     | Found a staircase to the Lair.
  7508 | D:10     | Killed an unseen horror
  7584 | D:10     | Noticed a deep elf mage
  7592 | D:10     | Killed a deep elf mage
  7932 | D:10     | Reached skill level 13 in Polearms
  7977 | D:10     | Reached XP level 11. HP: 94/94 MP: 14/14
  8189 | D:10     | Reached skill level 10 in Armour
  8262 | D:10     | Noticed emiel's ghost (journeyman CeAM)
  8277 | D:10     | Killed emiel's ghost
  8368 | D:10     | Reached ***** piety under Cheibriados
  8610 | D:11     | Noticed a two-headed ogre
  8614 | D:11     | Killed a two-headed ogre
  8731 | D:11     | Found a staircase to the Orcish Mines.
  8796 | D:11     | Noticed a skeletal warrior
  8797 | D:11     | Noticed a skeletal warrior
  8801 | D:11     | Killed a skeletal warrior
  8809 | D:11     | Killed a skeletal warrior
  8809 | D:11     | Reached skill level 14 in Polearms
  8819 | D:11     | Noticed a skeletal warrior
  8819 | D:11     | Noticed a skeletal warrior
  8835 | D:11     | HP: 2/97 [skeletal warrior/halberd of freezing (3)]
  8836 | D:11     | Slain by a skeletal warrior

Skill      XL: |  1  2  3  4  5  6  7  8  9 10 11 |
---------------+----------------------------------+-----
Polearms       | 4 5 7 8 9 10 11 13 14 | 14.0
Dodging        | 4 5 |  5.9
Fighting       | 3 4 5 6 7 8 9 |  9.0
Armour         | 2 4 5 7 9 11 | 11.1
Stealth        | 1 |  1.1
Invocations    | 2 4 6 |  6.1
Throwing       | |  2.1

Action                   |  1- 3 |  4- 6 |  7- 9 | 10-12 || total
-------------------------+-------+-------+-------+-------++-------
Melee: Trident           |   103 |   154 |   319 |   244 ||   820
       Headbutt          |     8 |    28 |    61 |    85 ||   182
       Halberd           |       |       |       |    76 ||    76
Invok: Slouch            |       |       |       |     1 ||     1
  Use: Potion            |       |     1 |       |     3 ||     4
       Scroll            |       |       |    15 |     1 ||    16
  Eat: Chunk             |     1 |     4 |    10 |     2 ||    17
       Ration            |       |       |       |     1 ||     1
Armor: Leather armour    |     6 |       |       |       ||     6
       Chain mail        |     6 |    62 |   132 |    91 ||   291
Dodge: Dodged            |    39 |    60 |   118 |   104 ||   321
